 Dungeon Crawl Stone Soup version 0.32-a0-329-ge6c31236d6 (webtiles) character file.

Game seed: 16692547783464640080

3 Bravepunisher the Ducker (level 1, 11/11 HPs)
             Began as a Spriggan Monk on Feb 16, 2024.
             Quit the game in the Ecumenical Temple.
             The game lasted 00:02:39 (458 turns).

Bravepunisher the Ducker (Spriggan Monk)             Turns: 458, Time: 00:02:40

Health: 11/11      AC:  3    Str:  7    XL:     1   Next: 41%
Magic:  2/2        EV: 19    Int: 11    God:
Gold:   67         SH:  0    Dex: 17    Spells: 0/0 levels left

rFire   . . .        a - +0 short sword
rCold   . . .        (no shield)
rNeg    . . .        b - +0 robe
rPois   .            (helmet restricted)
rElec   .            d - +0 cloak
rCorr   .            (gloves unavailable)
SInv    +            (boots unavailable)
Will    .....        (no amulet)
Stlth   ++           (no ring)
HPRegen 0.21/turn    (no ring)
MPRegen 0.08/turn

%: no passive effects
@: very quick
A: very small, no large weapons, unfitting armour, see invisible, speed 3
a: no special abilities


You were in the Ecumenical Temple.
You visited 2 branches of the dungeon, and saw 7 of its levels.

You collected 67 gold pieces.

Inventory:

Hand Weapons
 a - a +0 short sword (weapon)
Armour
 b - a +0 robe (worn)
 d - a +0 cloak (worn)
Scrolls
 e - a scroll of blinking {unknown}
 f - a scroll of revelation {unknown}
Potions
 c - a potion of ambrosia


   Skills:
 + Level 2.4 Fighting
 - Level 3.2 Short Blades
 * Level 4.2 Dodging


You couldn't memorise any spells.
You didn't know any spells.
Your spell library was empty.

Dungeon Overview and Level Annotations

Branches:
Dungeon (6/15)             Temple (1/1) D:6

Altars:
Ashenzari
Elyvilon
Fedhas
Gozag
Hepliaklqana
Kikubaaqudgha
Nemelex Xobeh
Okawaru
Qazlal
Ru
Sif Muna
Vehumet
Zin
The Shining One

Annotations:
D:5 Pikel


Innate Abilities, Weirdness & Mutations

You are very small and have problems with some larger weapons.
You are too small for most types of armour.
You have supernaturally acute eyesight. (SInv)
You cover ground extremely quickly. (Speed+++)


Message History

Found a flux talisman.
You see here a flux talisman.
Found a scroll labelled FIMEGADWIR.
f - a scroll labelled FIMEGADWIR A howler monkey comes into view.
The howler monkey howls!
The howler monkey hoots and howls with incredible vigour!
You hear a shout!
There is a stone staircase leading up here.
The orc shouts!
The orc misses you.
The howler monkey hoots and howls with incredible vigour!
The hound barks!
There is a stone staircase leading down here.
You climb downwards.
Found a robe.
There is a stone staircase leading up here.
An ogre comes into view. It is wielding a +0 giant club.
Found a scroll labelled ITRIAKUFOAT.
A gnoll comes into view.
It is wielding a +0 club and quivering a throwing net.
A gnoll sergeant and a gnoll come into view.
Found 5 gold pieces.
The gnoll shouts! x2; You hear a shout!
You hear a bark!
Found a stone staircase leading up.
The ogre shouts!
Found a ring mail and a spear.
The gnoll throws a throwing net.
The throwing net misses you.
You see here a throwing net.
A scorpion comes into view.
Found a runed rapier.
Found a dented bone amulet.
Found a staircase to the Ecumenical Temple.
There is a staircase to the Ecumenical Temple here.
You climb downwards.
Welcome to the Ecumenical Temple!
Found a shimmering blue altar of Sif Muna.
Found a staircase back to the Dungeon.
There is a staircase back to the Dungeon here.
Found an ancient bone altar of Kikubaaqudgha and a stormy altar of Qazlal.
There is a staircase back to the Dungeon here.
Are you sure you want to abandon this character and quit the game? (Confirm with "yes".)

≈≈≈≈≈≈≈≈≈≈≈≈≈≈≈≈≈≈≈≈≈≈≈≈≈≈≈≈≈≈≈≈≈
≈≈≈≈.........................≈≈≈≈
.................................
................ß................
._............................._.
........_..............._........
.................................
.................................
...._...........@..........._....
.................................
.................................
........_..............._........
._............................._.
................_................
.................................
≈≈≈≈.........................≈≈≈≈
≈≈≈≈≈≈≈≈≈≈≈≈≈≈≈≈≈≈≈≈≈≈≈≈≈≈≈≈≈≈≈≈≈


There were no monsters in sight!

Vanquished Creatures
  A goblin (D:3)
  A ball python (D:2)
2 creatures vanquished.

Notes
Turn   | Place    | Note
-------+----------+-------------------------------------------
     0 | D:1      | Bravepunisher the Spriggan Monk began the quest for the
                  | Orb.
     0 | D:1      | Reached XP level 1. HP: 11/11 MP: 2/2
   123 | D:4      | Found a broken altar of Ashenzari.
   236 | D:5      | Entered Level 5 of the Dungeon
   239 | D:5      | Noticed a black bear
   243 | D:5      | Noticed a phantom
   244 | D:5      | Noticed a lemure
   249 | D:5      | Noticed a lemure
   249 | D:5      | Noticed a lemure
   250 | D:5      | Noticed a lemure
   250 | D:5      | Noticed Pikel
   254 | D:5      | Noticed a gnoll sergeant
   265 | D:5      | Noticed a hound
   294 | D:4      | Noticed an iguana
   335 | D:5      | Noticed a jelly
   345 | D:5      | Noticed an iguana
   346 | D:5      | Noticed an iguana
   379 | D:5      | Noticed a howler monkey
   413 | D:6      | Noticed an ogre
   415 | D:6      | Noticed a gnoll sergeant
   430 | D:6      | Noticed a scorpion
   444 | D:6      | Found a staircase to the Ecumenical Temple.
   449 | Temple   | Entered the Ecumenical Temple
   458 | Temple   | Quit the game

Illustrated notes

Levels and vault maps discovered:
D:1:      amcnicky_arrival_single_pillar, layout_rooms, glass_columns_b,
          minmay_misc_feat_alley
D:2:      cheibrodos_helix_gallery, layout_loops_ring, serial_rivers,
          chequers_serial_rivers_micro_d, chequers_serial_rivers_large_b,
          chequers_serial_rivers_micro_e, chequers_serial_rivers_micro_c,
          minmay_misc_feat_hallway, minmay_tripent
D:3:      layout_basic, st_stairs_8
D:4:      layout_basic, ashenzari_conservatory_becter
D:5:      layout_rooms, uniq_pikel
D:6:      layout_layer_cave, lightli_temple_of_fire, xom_teletrap_fun,
          nzn_wu_jian_council_hall, lemuel_crystal_altar,
          minmay_temple_entry_tees, billiards_dpeg
Temple:   dshaligram_water_room_temple

Action                     || total
---------------------------++-------
  Melee: Short sword       ||    15
 Armour: Robe              ||     8
  Dodge: Dodged            ||    37

Table legend: (Time is in decaauts)
 A = Elapsed time spent in this place.
 B = Non-inter-level travel time spent in this place.
 C = Inter-level travel time spent in this place.
 D = Time resting spent in this place.
 E = Time spent auto-exploring this place.
 F = Levels seen in this place.
 G = Mean time per level.
                   A        B        C        D        E       F      G
               +--------+--------+--------+--------+--------+-----+--------+
         Total |    297 |    297 |      0 |      6 |     56 |   7 |   42.4 |
       Dungeon |    292 |    292 |      0 |      6 |     56 |   6 |   48.7 |
        Temple |      5 |      5 |      0 |      0 |      0 |   1 |    5.0 |
               +--------+--------+--------+--------+--------+-----+--------+

Top non-repeatable levels by time:
     D:4: 116 daAuts
     D:5: 87 daAuts
     D:3: 36 daAuts
     D:6: 22 daAuts
     D:1: 16 daAuts
     D:2: 13 daAuts
  Temple: 5 daAuts
